 Dungeon Crawl Stone Soup version 0.28-a0-612-gcfc00ec14d (webtiles) character file.

Game seed: 11050492547405200950

125 Spaninq the Skirmisher (level 4, -8/38 HPs)
             Began as a Palentonga Abyssal Knight on Oct 5, 2021.
             Was a Believer of Lugonu.
             Killed by divine providence
             ... invoked by an orc priest
              (9 damage)
             ... on level 4 of the Dungeon.
             The game lasted 00:06:44 (3651 turns).

Spaninq the Skirmisher (Palentonga Abyssal Knight)  Turns: 3651, Time: 00:06:45

Health: -8/38      AC: 10    Str: 17    XL:     4   Next: 82%
Magic:  5/6        EV:  5    Int: 10    God:    Lugonu [**....]
Gold:   108        SH:  0    Dex: 11    Spells: 3/3 levels left

rFire   . . .      SeeInvis +   a - +1 hand axe
rCold   . . .      Faith    .   (no shield)
rNeg    . . .      Spirit   .   h - +0 chain mail
rPois   .          Reflect  .   i - +0 helmet
rElec   .          Harm     .   g - +0 cloak
rCorr   .          Rampage  .   (no gloves)
Will    .....                   (no barding)
Stlth   ..........              (no amulet)
HPRegen 0.12/turn               (no ring)
MPRegen 0.10/turn               (no ring)

@: no status effects
A: large, rugged brown scales 3, see invisible, deformed body, roll 1, armoured
tail
a: Rolling Charge, Renounce Religion, Depart the Abyss, Bend Space


You were on level 4 of the Dungeon.
You worshipped Lugonu.
Lugonu was pleased with you.
You visited 1 branch of the dungeon, and saw 4 of its levels.
You visited the Abyss 1 time.

You collected 108 gold pieces.

Inventory:

Hand Weapons
 a - a +1 hand axe (weapon)
Armour
 b - a +0 leather armour
 g - a +0 cloak (worn)
 h - a +0 chain mail (worn)
 i - a +0 helmet (worn)
Scrolls
 e - 2 scrolls of teleportation {unknown}
 f - a scroll of acquirement {unknown}
 l - a scroll of torment {unknown}
 m - a scroll of fear {unknown}
 n - a scroll of blinking {unknown}
 p - a scroll of identify {unknown}
 q - a scroll of immolation {unknown}
 s - a scroll of enchant weapon {unknown}
Potions
 c - a potion of attraction {unknown}
 d - a potion of flight {unknown}
 j - a potion of might {unknown}
 k - a potion of curing
 o - a potion of cancellation {unknown}
 r - a potion of resistance {unknown}


   Skills:
 + Level 3.6 Fighting
 * Level 3.5 Axes
 + Level 2.3 Armour
 - Level 0.7 Dodging
 + Level 3.0 Invocations


You had 3 spell levels left.
You didn't know any spells.
Your spell library contained the following spells:

 Spells                   Type           Power      Damage    Failure   Level
 Ignite Poison            Fire/Tmut/Pois 0%         N/A       100%        3
 Portal Projectile        Hex/Tloc       0%         N/A       100%        3
 Passage of Golubria      Tloc           N/A        N/A       100%        4
 Silence                  Hex/Air        0%         N/A       100%        5
 Lehudib's Crystal Spear  Conj/Erth      0%         10d2      100%        8
 Necromutation            Tmut/Necr      0%         N/A       100%        8


Dungeon Overview and Level Annotations

Branches:
Dungeon (4/15)
 Temple: D:4-7

Altars:
Xom

Annotations:
D:4 Dowan, Duvessa, Edmund


Innate Abilities, Weirdness & Mutations

You are completely covered in rugged brown scales. (AC +3, +7% HP)
You have supernaturally acute eyesight. (SInv)
Armour fits poorly on your strangely shaped body.
You can roll at nearby foes to attack.
You have a long armoured tail.


Message History

You see here the +6 whip of the Pyrrhic Victory {vorpal, rC++ Str+3}.
The ball python bites you but does no damage.
Edmund says, "I'm quite good with sums, too."
You hit the ball python.
You kill the ball python!
Lugonu accepts your kill.
The endoplasm jiggles.
The orc hits you but does no damage. The endoplasm freezes you.
You are frozen.
You see here a ball python corpse.
Space bends around you!
You blink.
Edmund hits you with a +2 vorpal flail!
* * * LOW HITPOINT WARNING * * *
The endoplasm freezes you.
You are frozen.
* * * LOW HITPOINT WARNING * * *
The endoplasm freezes you.
You are frozen.
* * * LOW HITPOINT WARNING * * *
You see here the +6 whip of the Pyrrhic Victory {vorpal, rC++ Str+3}.
The orc hits you but does no damage.
An endoplasm comes into view.
The endoplasm quivers.
Okay, then.
The orc priest begins to cast a cantrip, but forgets the words!
A kobold comes into view. It is wielding a +0 war axe of flaming.
Edmund hits you with a +2 vorpal flail.
* * * LOW HITPOINT WARNING * * *
x2 The kobold shouts!
The kobold throws a stone.
The stone hits you.
* * * LOW HITPOINT WARNING * * *
Okay, then.
You fail to use your ability.
The orc barely misses you. Edmund hits you with a +2 vorpal flail.
* * * LOW HITPOINT WARNING * * *
x2 Space bends around you!
You blink.
Found a club.
Found a stone staircase leading down.
The orc priest invokes the aid of Beogh against you.
Beogh smites you!
You die...

>. ).. .......... ##........##
#####. #..........##
#####..... #...........####
##.<.K.###
#.............J#####..##...?..
#............@.J.oo§.##...####
#..............o..@####.......
#......).......##J...........
##................)..........
##.....##.....#####..######..
#..#####......# ##... ##
###†## #.........# ##### #...#
#..#.......#
######..##.......#


You could see Edmund, an orc priest, 2 orcs and 3 endoplasms.

Vanquished Creatures
  An orc priest (D:3)
  A gnoll (D:1)
  2 adders (D:2)
  2 worms (D:3)
  2 dart slugs (D:2)
  3 orcs
  3 bats
  7 endoplasms
  A giant cockroach (D:1)
  4 goblins
  5 hobgoblins
  4 quokkas
  3 ball pythons
  5 frilled lizards
  9 kobolds
  3 rats
55 creatures vanquished.

Notes
Turn   | Place    | Note
-------+----------+-------------------------------------------
     0 | Abyss:1  | Spaninq the Palentonga Abyssal Knight began the quest for
                  | the Orb.
     0 | Abyss:1  | Reached XP level 1. HP: 19/19 MP: 2/2
    48 | D:1      | Escaped the Abyss
   418 | D:1      | Reached XP level 2. HP: 25/25 MP: 3/3
   652 | D:1      | Got the Grimoire of Changing and Malediction
   888 | D:1      | Reached ** piety under Lugonu
   912 | D:1      | Reached XP level 3. HP: 18/31 MP: 4/4
  1436 | D:2      | Found a shimmering altar of Xom.
  2481 | D:2      | Reached XP level 4. HP: 36/37 MP: 5/5
  3545 | D:4      | Noticed Duvessa
  3545 | D:4      | Noticed Dowan
  3604 | D:4      | Noticed Edmund
  3624 | D:4      | Identified the +6 whip of the Pyrrhic Victory {vorpal, rC++
                  | Str+3}
  3651 | D:4      | Killed from afar by an orc priest

Illustrated notes

Levels and vault maps discovered:
D:1:      minmay_arrival_checkered_box, layout_basic
D:2:      layout_loops_ring, basic_altar
D:3:      layout_loops_ring
D:4:      layout_rooms, mainiacjoe_overflow_boulevard, serial_shops,
          nicolae_shop_behind_doors, shop, shop_scrolls, uniq_edmund,
          uniq_duvessa, uniq_pikel

Skill      XL: |  1  2  3  4 |
---------------+-------------+-----
Armour         | 2 |  2.3
Axes           | 3 |  3.5
Invocations    | 3 |  3.0
Fighting       | |  3.6
Dodging        | |  0.7

Action                   |  1- 3 |  4- 6 || total
-------------------------+-------+-------++-------
Melee: Hand axe          |   121 |    66 ||   187
       Tailslap          |    12 |     9 ||    21
Invok: Bend Space        |     1 |     3 ||     4
 Abil: Rolling Charge    |     1 |     6 ||     7
  Use: Potion            |       |     2 ||     2
 Stab: Invisible         |       |     2 ||     2
Armor: Leather armour    |    21 |       ||    21
       Chain mail        |    53 |    41 ||    94
Dodge: Dodged            |    37 |    14 ||    51

Table legend: (Time is in decaauts)
 A = Elapsed time spent in this place.
 B = Non-inter-level travel time spent in this place.
 C = Inter-level travel time spent in this place.
 D = Time resting spent in this place.
 E = Time spent auto-exploring this place.
 F = Levels seen in this place.
 G = Mean time per level.
                   A        B        C        D        E       F      G
               +--------+--------+--------+--------+--------+-----+--------+
         Total |   3682 |   3568 |    114 |    449 |   2439 |   5 |  736.4 |
       Dungeon |   3634 |   3520 |    114 |    449 |   2435 |   4 |  908.5 |
         Abyss |     48 |     48 |      0 |      0 |      4 |   1 |   48.0 |
               +--------+--------+--------+--------+--------+-----+--------+

Top non-repeatable levels by time:
     D:3: 1343 daAuts
     D:1: 1287 daAuts
     D:2: 952 daAuts
     D:4: 51 daAuts
 Abyss:1: 48 daAuts
